 Dungeon Crawl Stone Soup version 0.27-a0-396-g03f4e8edb7 (webtiles) character file.

Game seed: 6650646139285449668

127 Nattfarinn the Ogre Mage (level 5, -1/45 HPs)
             Began as an Ogre Fire Elementalist on Feb 21, 2021.
             Slain by an ogre
             ... wielding a +0 giant spiked club
              (21 damage)
             ... on level 4 of the Dungeon.
             The game lasted 00:06:56 (4264 turns).

Nattfarinn the Ogre Mage (Ogre Fire Elementalist)   Turns: 4264, Time: 00:06:57

Health: -1/45      AC:  4    Str: 12    XL:     5   Next: 11%
Magic:  7/11       EV: 10    Int: 17    God:
Gold:   129        SH:  0    Dex:  9    Spells: 11/12 levels left

rFire    . . .     SeeInvis .   (no weapon)
rCold    . . .     Faith    .   (no shield)
rNeg     . . .     Spirit   .   a - +0 robe
rPois    .         Reflect  .   p - +1 hat
rElec    .         Harm     .   (no cloak)
rCorr    +         Rampage  .   (gloves unavailable)
Will     .....                  (boots unavailable)
Stlth    +.........             (no amulet)
HPRegen  0.15/turn              n - ring of resist corrosion
MPRegen  0.12/turn              (no ring)

@: no status effects
A: large, unfitting armour, tough skin 1
a: no special abilities


You were on level 4 of the Dungeon.
You visited 1 branch of the dungeon, and saw 4 of its levels.

You collected 129 gold pieces.

Inventory:

Missiles
 f - 2 silver javelins (quivered)
Armour
 a - a +0 robe (worn)
 p - a +1 hat (worn)
Jewellery
 n - a ring of resist corrosion (left hand)
Scrolls
 b - a scroll of enchant weapon
 g - a scroll of teleportation {unknown}
 h - a scroll of blinking {unknown}
 i - 5 scrolls of identify {unknown}
 m - a scroll of fog {unknown}
Potions
 c - a potion of flight {unknown}
 e - a potion of attraction {unknown}
 j - 2 potions of curing {unknown}
 k - a potion of heal wounds {unknown}
 l - a potion of mutation {unknown}
 o - 2 potions of magic {unknown}


   Skills:
 - Level 1.7 Dodging
 - Level 1.4 Stealth
 - Level 4.0 Spellcasting
 + Level 2.2 Conjurations
 * Level 3.7 Fire Magic


You had 11 spell levels left.
You knew the following spells:

 Your Spells              Type           Power        Failure   Level
a - Foxfire               Conj/Fire      52%          4%          1

Your spell library contained the following spells:

 Spells                   Type           Power        Failure   Level
 Conjure Flame            Conj/Fire      13%          14%         3
 Inner Flame              Hex/Fire       9%           22%         3
 Sticky Flame             Conj/Fire      13%          43%         4
 Fireball                 Conj/Fire      6%           78%         5


Dungeon Overview and Level Annotations

Branches:
Dungeon (4/15)
 Temple: D:4-7

Altars:
Ru
Trog


Innate Abilities, Weirdness & Mutations

You are too large for most types of armour.
You have tough skin. (AC +1)


Message History

The foxfire hits the ooze.
The ooze is severely wounded.
Casting: Foxfire (safe; 4% risk of failure)
Confirm with . or Enter, or press ? or * to list all spells.
You conjure some foxfire!
The foxfire hits the ooze but does no damage.
The ooze is severely wounded.
The foxfire hits the ooze.
You kill the ooze!
Magic restored.
An ogre comes into view. It is wielding a +0 giant spiked club.
Casting: Foxfire (safe; 4% risk of failure)
Confirm with . or Enter, or press ? or * to list all spells.
You conjure some foxfire!
Casting: Foxfire (safe; 4% risk of failure)
Confirm with . or Enter, or press ? or * to list all spells.
You conjure some foxfire!
The foxfire hits the ogre.
The ogre is lightly wounded.
The foxfire hits the ogre.
The ogre is moderately wounded.
Casting: Foxfire (safe; 4% risk of failure)
Confirm with . or Enter, or press ? or * to list all spells.
You conjure some foxfire!
The ogre hits you with a +0 giant spiked club!!
Casting: Foxfire (safe; 4% risk of failure)
Confirm with . or Enter, or press ? or * to list all spells.
Nothing appears to happen.
The foxfire hits the ogre.
The ogre is moderately wounded.
Your foxfire dissipates!
You aren't carrying any items that you can evoke.
As you read the scroll labelled BEHAECVILI, it crumbles to dust.
It is a scroll of enchant weapon.
You aren't carrying any weapons that can be enchanted.
The ogre hits you with a +0 giant spiked club.
As you read the scroll labelled IGRADA PAOSTRIL, it crumbles to dust.
You hear a loud clanging noise!
It was a scroll of noise.
You hear a bark!
The ogre hits you with a +0 giant spiked club!!
You die...

#.............. .#.
#.#####.###.###....
##.#####..........#
........###...##.. #
##.####.##.#.#.#..# ..
#. #...........# #.#.##.
##..#<#...##.#
#......###...##)........
#.......O@........####.#
#.....####........#
#.... ######...# #...
#...# ### #.#.. .#.#.


You could see an ogre.

Vanquished Creatures
  An orc wizard (D:3)
  3 adders
  An ooze (D:4)
  3 worms
  2 dart slugs
  A leopard gecko (D:2)
  3 orcs (D:3)
  A giant cockroach (D:2)
  5 goblins
  8 hobgoblins
  6 jackals
  A ball python (D:2)
  5 bats
  3 frilled lizards
  6 kobolds
  6 rats
55 creatures vanquished.

Vanquished Creatures (others)
  187 foxfires
187 creatures vanquished.

Grand Total: 242 creatures vanquished

Notes
Turn   | Place    | Note
-------+----------+-------------------------------------------
     0 | D:1      | Nattfarinn the Ogre Fire Elementalist began the quest for
                  | the Orb.
     0 | D:1      | Reached XP level 1. HP: 16/16 MP: 3/3
   202 | D:1      | Reached skill level 1 in Conjurations
   263 | D:1      | Reached XP level 2. HP: 22/24 MP: 1/5
   400 | D:1      | Reached skill level 3 in Spellcasting
  1240 | D:2      | Reached XP level 3. HP: 31/31 MP: 2/7
  2291 | D:2      | Found a sacrificial altar of Ru.
  2556 | D:2      | Reached XP level 4. HP: 24/39 MP: 4/9
  3187 | D:3      | Found a bloodstained altar of Trog.
  3408 | D:3      | Reached skill level 4 in Spellcasting
  3859 | D:3      | Reached XP level 5. HP: 44/45 MP: 8/11
  4256 | D:4      | Noticed an ogre
  4264 | D:4      | Slain by an ogre

Illustrated notes

Levels and vault maps discovered:
D:1:      amcnicky_arrival_wind_blow, layout_basic
D:2:      kb_forest_paths, layout_basic, nicolae_ru_sacrificial_ziggurat
D:3:      layout_basic, bloody_trog
D:4:      layout_loops_ring, old_standard_altar

Skill      XL: |  1  2  3  4 |
---------------+-------------+-----
Conjurations   | 1 2 |  2.2
Spellcasting   | 3 4 |  4.0
Fire Magic     | 3 |  3.7
Dodging        | |  1.7
Stealth        | |  1.4

Action                   |  1- 3 |  4- 6 || total
-------------------------+-------+-------++-------
Melee: Unarmed           |    32 |     1 ||    33
Throw: Javelin           |     2 |       ||     2
 Cast: Foxfire           |    78 |    64 ||   142
  Use: Scroll            |       |     2 ||     2
Armor: Robe              |    13 |     5 ||    18
Dodge: Dodged            |    37 |    10 ||    47

Table legend: (Time is in decaauts)
 A = Elapsed time spent in this place.
 B = Non-inter-level travel time spent in this place.
 C = Inter-level travel time spent in this place.
 D = Time resting spent in this place.
 E = Time spent auto-exploring this place.
 F = Levels seen in this place.
 G = Mean time per level.
                   A        B        C        D        E       F      G
               +--------+--------+--------+--------+--------+-----+--------+
         Total |   4264 |   4183 |     81 |   1060 |   2628 |   4 | 1066.0 |
       Dungeon |   4264 |   4183 |     81 |   1060 |   2628 |   4 | 1066.0 |
               +--------+--------+--------+--------+--------+-----+--------+

Top non-repeatable levels by time:
     D:2: 2219 daAuts
     D:1: 1136 daAuts
     D:3: 844 daAuts
     D:4: 64 daAuts
